 Dungeon Crawl Stone Soup version 0.27.0-1-g7a089689b8 (webtiles) character file.

Game seed: 15503074284465046371

40 RepoMan the Gusty (level 3, 0/16 HPs)
             Began as a Vine Stalker Air Elementalist on July 30, 2021.
             Slain by a worm (11 damage)
             ... on level 2 of the Dungeon.
             The game lasted 00:10:55 (1428 turns).

RepoMan the Gusty (Vine Stalker Air Elementalist)   Turns: 1428, Time: 00:10:55

Health: 0/16       AC:  2    Str: 10    XL:     3   Next: 50%
Magic:  0/7        EV: 12    Int: 16    God:
Gold:   54         SH:  0    Dex: 14    Spells: 4/7 levels left

rFire    . . .     SeeInvis .   c - staff of air
rCold    . . .     Faith    .   (no shield)
rNeg     . . .     Spirit   +   a - +0 robe
rPois    .         Reflect  .   (no helmet)
rElec    +         Harm     .   (no cloak)
rCorr    .         Rampage  .   (no gloves)
Will     .....                  (no boots)
Stlth    ++........             (no amulet)
HPRegen  0.05/turn              (no ring)
MPRegen  0.10/turn              (no ring)

@: no status effects
A: fangs 2, magic shield, antimagic bite, no potion heal 2
a: no special abilities


You were on level 2 of the Dungeon.
You visited 1 branch of the dungeon, and saw 2 of its levels.

You collected 54 gold pieces.

Inventory:

Hand Weapons
 g - a +4 short sword
Armour
 a - a +0 robe (worn)
Magical Staves
 c - a staff of air (weapon)
Scrolls
 d - a scroll of brand weapon {unknown}
 e - a scroll of identify {unknown}
 f - a scroll of acquirement {unknown}
Potions
 b - a potion of brilliance {unknown}


   Skills:
 + Level 2.0 Dodging
 - Level 2.4 Stealth
 + Level 2.6 Spellcasting
 + Level 1.6 Conjurations
 * Level 3.6 Air Magic


You had 4 spell levels left.
You knew the following spells:

 Your Spells              Type           Power      Damage    Failure   Level
d - Static Discharge      Conj/Air       15%        N/A       10%         2
z - Shock                 Conj/Air       60%        1d6       7%          1

Your spell library contained the following spells:

 Spells                   Type           Power      Damage    Failure   Level
 Swiftness                Air            20%        N/A       13%         3
 Airstrike                Air            10%        N/A       41%         4


Dungeon Overview and Level Annotations

Branches:
Dungeon (2/15)

Altars:


Innate Abilities, Weirdness & Mutations

You have extremely sharp teeth.
When hurt, damage is shared between your health and your magic reserves.
Your bite disrupts and absorbs the magic of your enemies.
Potions cannot restore your health.


Message History

The zap hits the worm.
The worm is moderately wounded.
The worm misses you.
Casting: Shock (safe; 7% risk of failure)
Confirm with . or Enter, or press ? or * to list all spells.
Aiming: Shock (safe; 7% risk of failure)
Press: ? - help, Shift-Dir - straight line You feel a surge of power!
The zap hits the worm.
The worm is heavily wounded.
The zap hits the worm.
The worm is heavily wounded.
Unknown command.
Casting: Shock (safe; 7% risk of failure)
Confirm with . or Enter, or press ? or * to list all spells.
Aiming: Shock (safe; 7% risk of failure)
Press: ? - help, Shift-Dir - straight line You feel a surge of power!
The zap hits the worm.
The worm is severely wounded.
The zap misses the worm.
The worm bites you!
Unknown command.
Casting: Shock (safe; 7% risk of failure)
Confirm with . or Enter, or press ? or * to list all spells.
Aiming: Shock (safe; 7% risk of failure)
Press: ? - help, Shift-Dir - straight line You feel a surge of power!
The zap misses the worm. x2; The worm misses you.
Unknown command.
Casting: Shock (safe; 7% risk of failure)
Confirm with . or Enter, or press ? or * to list all spells.
Aiming: Shock (safe; 7% risk of failure)
Press: ? - help, Shift-Dir - straight line You feel a surge of power!
The zap hits the worm.
The worm is almost dead.
The zap hits the worm.
The worm is almost dead.
Unknown command.
You barely miss the worm.
The worm is almost dead.
The worm bites you!
Ouch! That really hurt!
You die...

.. ########.####
##.....#.....####
##.............##..
#.....†..............#
#................#...#
#................#..# ##
#.......@...........####.
#.......w................
#.<..........)......#....
##..........<....>.#..###
##.....#......#.w..†####
########...............
###.#.#.#####... #.....#
#...## #..##.###.###


You could see a worm.

Vanquished Creatures
  A worm (D:2)
  2 dart slugs
  2 endoplasms
  2 giant cockroaches
  A goblin (D:1)
  5 hobgoblins
  8 jackals (D:2)
  A ball python (D:1)
  A bat (D:1)
  A frilled lizard (D:1)
  4 kobolds
  2 rats (D:1)
30 creatures vanquished.

Notes
Turn   | Place    | Note
-------+----------+-------------------------------------------
     0 | D:1      | RepoMan the Vine Stalker Air Elementalist began the quest
                  | for the Orb.
     0 | D:1      | Reached XP level 1. HP: 9/9 MP: 4/4
   429 | D:1      | Reached XP level 2. HP: 13/13 MP: 1/6
   470 | D:1      | Learned a level 2 spell: Static Discharge
  1043 | D:2      | Reached XP level 3. HP: 14/16 MP: 2/7
  1428 | D:2      | Slain by a worm

Illustrated notes

Levels and vault maps discovered:
D:1:      dpeg_arrival_tiny_k, layout_loops_ring
D:2:      layout_rooms, hellmonk_ecumenical_altar_lost_god

Skill      XL: |  1  2  3 |
---------------+----------+-----
Dodging        | 2 |  2.0
Stealth        | |  2.4
Spellcasting   | |  2.6
Conjurations   | |  1.6
Air Magic      | |  3.6

Action                   || total
-------------------------++-------
Melee: Staff             ||     6
       Bite              ||     1
 Cast: Shock             ||    56
Armor: Robe              ||     7
Dodge: Dodged            ||    10
